Map: 2000 Atmospheres LE

Players

Patriot

  • Race: Terran Terran
  • League: Silver

Throwfordays - Winner!

  • Race: Terran Terran
  • League: Silver

VOD

Have the link to the VOD?

Description

Time

  • Played on: Aug. 26, 2021, 10:26 p.m.
  • Length: 5:20
Show
View Real Time Build Order
Export as new Build Order

Patriot Terran 

Build Orders: 1/1/1 

Get SALT Encoding   

  12  0:10  Supply Depot  
  12  0:35  SCV, Barracks  
  12  0:40  Refinery  
  13  0:45  Refinery  
  13  0:55  Supply Depot  
  13  1:00  SCV  
  14  1:13  SCV  
  15  1:25  SCV  
  16  1:35  Factory  
  16  1:40  SCV  
  17  1:57  Orbital Command  
  17  2:03  Marine  
  18  2:21  Starport  
  18  2:24  Factory Reactor  
  18  2:35  Marine  
  16  2:53  Marine  
  15  3:14  Widow Mine  
  15  3:15  Widow Mine  
  18  3:31  Marine  
  16  3:49  Marine  
  19  3:55  Widow Mine  
  18  4:07  Marine  
  16  4:14  SCV  
  12  4:24  Marine  
  12  4:27  SCV  
  12  4:39  SCV  
  13  4:49  Widow Mine  
  13  4:51  SCV  
  16  4:56  Starport Tech Lab  
  16  5:03  SCV  
Show
View Real Time Build Order
Export as new Build Order

Throwfordays Terran - Winner!

Build Orders:  

Get SALT Encoding   

  12  0:01  SCV  
  13  0:13  Supply Depot  
  13  0:18  SCV  
  14  0:30  SCV  
  15  0:38  Barracks  
  15  0:42  SCV  
  16  0:47  Refinery  
  16  0:54  SCV  
  16  0:56  Refinery  
  17  1:06  SCV  
  18  1:18  SCV  
  19  1:30  Reaper, SCV  
  21  1:40  Barracks  
  21  1:42  SCV  
  22  1:59  SCV  
  22  2:00  Supply Depot  
  23  2:22  Reaper, SCV  
  25  2:23  Supply Depot  
  25  2:34  SCV  
  26  2:53  Reaper  
  26  2:56  Reaper  
  27  3:15  Barracks  
  27  3:25  Reaper  
  28  4:06  Reaper x3  
  28  4:36  Barracks x2  
  29  4:38  Reaper x3  
Tags
 
Matchup
TvT
Opening
1/1/1
Race
Terran
Replay Pack
Multiplayer
Add a new tag
Caveats
  • Supply blocks, unpowered buildings, or Contaminate may cause inaccurate times.
  • Supply counts are checked every 10 seconds.